 Dungeon Crawl Stone Soup version 0.31-a0-1522-g43313d8a59 (webtiles) character file.

Game seed: 7517593681149407441

9863 pokeman the Eclecticist (level 11, -1/62 HPs)
             Began as a Deep Elf Hedge Wizard on Dec 31, 2023.
             Was a Believer of Vehumet.
             Killed from afar by an electric eel (16 damage)
             ... with a bolt of electricity
             ... on level 10 of the Dungeon.
             The game lasted 00:25:27 (11631 turns).

pokeman the Eclecticist (Deep Elf Hedge Wizard)    Turns: 11631, Time: 00:25:28

Health: -1/62      AC:  4    Str:  7    XL:     11   Next: 28%
Magic:  8/32       EV: 12    Int: 32    God:    Vehumet [**....]
Gold:   330        SH:  0    Dex: 14    Spells: 29/41 levels left

rFire   . . .        C - +6 rapier of Amorality {flame, +Blink Will++ Int+2 Stlth-}
rCold   . . .        (no shield)
rNeg    . . .        J - +1 leather armour {rPois}
rPois   +            c - +0 hat
rElec   .            (no cloak)
rCorr   +            (no gloves)
SInv    .            (no boots)
Will    +++..        (no amulet)
Stlth   +            x - +6 ring of intelligence
HPRegen 0.30/turn    w - ring of resist corrosion
MPRegen 0.23/turn

%: no passive effects
@: no status effects
A: no striking features
a: Renounce Religion, Evoke Blink


You were on level 10 of the Dungeon.
You worshipped Vehumet.
Vehumet was pleased with you.
You visited 2 branches of the dungeon, and saw 11 of its levels.

You collected 612 gold pieces.
You spent 282 gold pieces at shops.

Inventory:

Hand Weapons
 C - the +6 rapier of Amorality (weapon) {flame, +Blink Will++ Int+2 Stlth-}
   (You bought it in a shop on level 5 of the Dungeon)

   Int+2:     It affects your intelligence (+2).
   Will++:    It greatly increases your willpower.
   +Blink:    It lets you blink.
   Stlth-:    It makes you less stealthy.
 N - a +0 demon whip of venom
Missiles
 O - 2 throwing nets
Armour
 c - a +0 hat (worn)
 k - a +2 ring mail of poison resistance
 t - a +1 robe of cold resistance
 G - +0 steam dragon scales
 J - a +1 leather armour of poison resistance (worn)
Magical Staves
 b - a staff of conjuration
 L - a staff of earth
Jewellery
 g - a ring of see invisible
 r - the ring "Zuheh" {Ice Dex+5 Slay-5 Stlth+}
   (You found it on level 3 of the Dungeon)

   [ring of ice]

   Ice:       It enhances your ice magic.
   Dex+5:     It affects your dexterity (+5).
   Slay-5:    It affects your accuracy & damage with ranged weapons and melee
   (-5).
   rF-:       It makes you vulnerable to fire.
   rC+:       It protects you from cold.
   Stlth+:    It makes you more stealthy.
 v - a ring of flight
 w - a ring of resist corrosion (right hand)
 x - a +6 ring of intelligence (left hand)
 D - a ring of protection from cold
 I - a ring of magical power
Scrolls
 e - 5 scrolls of identify {unknown}
 i - 2 scrolls of fear {unknown}
 l - 4 scrolls of teleportation {unknown}
 m - 3 scrolls of revelation {unknown}
 o - 2 scrolls of immolation {unknown}
 s - 3 scrolls of poison {unknown}
 y - a scroll of noise {unknown}
 A - 2 scrolls of amnesia {unknown}
 F - a scroll of vulnerability {unknown}
 H - 2 scrolls of fog {unknown}
 M - a scroll of enchant armour {unknown}
 P - 2 scrolls of brand weapon {unknown}
 Q - a scroll of enchant weapon {unknown}
Potions
 a - 2 potions of might {unknown}
 d - a potion of magic
 f - 5 potions of haste {unknown}
 h - 3 potions of curing {unknown}
 j - 4 potions of invisibility {unknown}
 n - 2 potions of enlightenment {unknown}
 p - 2 potions of lignification {unknown}
 q - a potion of degeneration {unknown}
 u - a potion of mutation {unknown}
 z - a potion of attraction {unknown}
 B - 2 potions of brilliance {unknown}
 E - 2 potions of heal wounds {unknown}
 K - a potion of resistance {unknown}


   Skills:
 + Level 4.5 Fighting
 - Level 5.0 Armour
 - Level 3.0 Dodging
 - Level 3.0 Stealth
 * Level 15.9 Spellcasting
 + Level 9.4 Conjurations
 - Level 1.1 Summonings
 - Level 1.1 Translocations
 + Level 4.3 Fire Magic
 - Level 1.1 Air Magic
 - Level 1.3 Earth Magic
 - Level 1.1 Alchemy
 - Level 1.0 Evocations


You had 29 spell levels left.
You knew the following spells:

 Your Spells              Type           Power      Damage    Failure   Level
a - Magic Dart            Conj           100%       1d8       1%          1
b - Mephitic Cloud        Conj/Alch/Air  50%        N/A       1%          3
c - Call Imp              Summ           64%        N/A       2%          2
d - Blink                 Tloc           64%        N/A       2%          2
e - Ignite Poison         Fire/Alch      43%        N/A       8%          4

Your spell library contained the following spells:

 Spells                   Type           Power      Damage    Failure   Level
 Foxfire                  Conj/Fire      100%       2x1d9     1%          1
 Slow                     Hex            100%       N/A       2%          1
 Cigotuvi's Dreadful Rot  Necr/Alch/Air  60%        N/A       2%          2
 Ensorcelled Hibernation  Hex/Ice        50%        N/A       3%          2
 Call Canine Familiar     Summ           32%        N/A       4%          3
 Passwall                 Erth           34%        N/A       4%          3
 Swiftness                Air            32%        N/A       4%          3
 Sigil of Binding         Hex            25%        N/A       7%          3
 Sticky Flame             Fire/Alch      43%        2d8       8%          4
 Dimensional Bullseye     Hex/Tloc       14%        N/A       19%         4
 Ignition                 Fire           26%        3d9       100%        8


Dungeon Overview and Level Annotations

Branches:
Dungeon (10/15)            Temple (1/1) D:6
   Lair: D:8-11         Orc: D:9-12

Altars:
Ashenzari
Cheibriados
Dithmenos
Elyvilon
Fedhas
Gozag
Kikubaaqudgha
Makhleb
Nemelex Xobeh
Okawaru
Qazlal
Ru
Sif Muna
Trog
Uskayaw
Vehumet
Wu Jian
Xom
Yredelemnul
Zin
The Shining One

Shops:
D:5 *

Annotations:
D:6 3 runed translucent doors, Azoth's ghost, novice DsIE


Message History

Aiming: Mephitic Cloud (safe; 1% risk of failure)
Press: ? - help, Shift-Dir - straight line The ball explodes into a vile cloud!
The stinking cloud engulfs the orc zombie.
The stinking cloud engulfs you.
The stinking cloud engulfs the orc zombie.
You hear a howl!
The killer bee is engulfed in noxious fumes.
The killer bee appears confused.
The hound is engulfed in noxious fumes.
The hound appears confused.
The killer bee is engulfed in noxious fumes.
The killer bee appears confused.
The hound is engulfed in noxious fumes.
The hound closely misses you.
The orc priest is engulfed in noxious fumes.
The orc priest appears confused.
The orc zombie hits you but does no damage. x2
Unknown command.
Unknown command.
Unknown command.
A wolf and an electric eel come into view.
The wolf howls!
The killer bee is engulfed in noxious fumes.
The hound is engulfed in noxious fumes.
The hound appears confused.
The hound misses you.
The yak is engulfed in noxious fumes.
The yak gores the orc priest!
The yak gores itself.
The killer bee is engulfed in noxious fumes.
The killer bee appears confused.
The orc priest is engulfed in noxious fumes.
The orc priest appears confused.
Unknown command.
Casting: Mephitic Cloud (safe; 1% risk of failure)
Confirm with . or Enter, or press ? or * to list all spells.
You ignite the poison in your surroundings!
The hound is engulfed in blazing flames.
The hound misses you.
The yak is engulfed in blazing flames.
The electric eel shoots out a bolt of lightning at you!
The bolt of electricity hits the orc zombie!
The orc zombie is destroyed!
The bolt of electricity hits you!
You die...

≈≈≈≈≈≈~~...h.
≈≈≈≈≈≈≈~S.#.##. ~.~.
≈≈≈≈≈≈S#$..... S...
≈≈≈≈≈≈≈.....# ..h..
≈≈≈≈~~.†...y# .h...
≈≈≈~...†.y..# .T....
≈≈≈~...§Y..☼####......
≈###....<.?Y☼h☼.☼.....
#......☼Z☼o@ZZ..Z..
#......§§#####Z....
#........# Z8..
#..!.....# ...
#.......Z# ..
#......... .
#.........8
#.......#...
#.......##.Z


You could see 2 yaks, a troll, a wolf, 2 hounds, a killer bee (confused), an
electric eel, an orc priest (confused), a gnoll zombie, 3 orc zombies and an
ogre zombie.

Vanquished Creatures
  Harold (D:9)
  A two-headed ogre (D:9)
  Amaemon (D:9)
  Pikel (D:7)
  Joseph (D:9)
  An orange demon (D:9)
  Jeremiah (D:7)
  A hornet (D:7)
  Prince Ribbit (D:6)
  8 yaks
  A shadow (D:9)
  5 steam dragons
  3 wyverns
  3 water moccasins
  Duvessa (D:7)
  An orc warrior (D:6)
  A sky beast (D:7)
  An ogre (D:5)
  4 centaurs
  4 lemures (D:7)
  2 phantoms
  2 kobold brigands (D:9)
  6 bullfrogs
  3 scorpions
  2 gnoll sergeants (D:8)
  9 wights
  Dowan (D:7)
  4 howler monkeys
  An electric eel (D:10)
  2 bombardier beetles
  3 jellies
  4 orc priests
  2 gnoll boudas
  4 hounds
  11 orc wizards
  Natasha (thrice) (D:4)
  18 gnolls
  10 adders
  6 dart slugs
  3 ribbon worms
  41 orcs
  6 endoplasms
  A giant cockroach (D:2)
  13 goblins
  10 hobgoblins
  4 jackals (D:1)
  15 kobolds
  3 quokkas
  6 ball pythons
  7 bats
  3 frilled lizards (D:1)
  2 rats
248 creatures vanquished.

Vanquished Creatures (collateral kills)
  A centaur (D:5)
  A hound (D:7)
  A sleepcap (D:5)
3 creatures vanquished.

Vanquished Creatures (others)
  An orc (D:9)
  An orc zombie (D:10)
2 creatures vanquished.

Grand Total: 253 creatures vanquished

Notes
Turn   | Place    | Note
-------+----------+-------------------------------------------
     0 | D:1      | pokeman the Deep Elf Hedge Wizard began the quest for the
                  | Orb.
     0 | D:1      | Reached XP level 1. HP: 10/10 MP: 7/7
   170 | D:1      | Reached XP level 2. HP: 13/16 MP: 2/9
   735 | D:1      | Reached skill level 5 in Spellcasting
   889 | D:1      | Reached XP level 3. HP: 20/20 MP: 9/11
   893 | D:1      | Learned a level 3 spell: Mephitic Cloud
   896 | D:1      | Learned a level 2 spell: Call Imp
   899 | D:1      | Learned a level 2 spell: Blink
  1484 | D:2      | Reached skill level 1 in Armour
  1601 | D:2      | Reached skill level 1 in Fighting
  1895 | D:2      | Found a faded altar of an unknown god.
  2142 | D:3      | Reached XP level 4. HP: 25/25 MP: 10/13
  2284 | D:3      | Identified the ring "Zuheh" {Ice Dex+5 Slay-5 Stlth+}
  2521 | D:3      | Reached skill level 6 in Spellcasting
  2521 | D:3      | Reached XP level 5. HP: 4/29 MP: 1/15
  2902 | D:3      | Found an ancient bone altar of Kikubaaqudgha.
  2902 | D:3      | Found an ornate altar of the Wu Jian Council.
  3610 | D:4      | Found a stormy altar of Qazlal.
  3712 | D:4      | Reached skill level 1 in Air Magic
  3712 | D:4      | Reached skill level 1 in Alchemy
  3945 | D:4      | Noticed Natasha
  3952 | D:4      | Reached XP level 6. HP: 27/34 MP: 3/17
  3958 | D:4      | Killed Natasha
  4060 | D:4      | Found an iron altar of Okawaru.
  4145 | D:4      | Reached skill level 1 in Evocations
  4188 | D:4      | Reached skill level 7 in Spellcasting
  4593 | D:4      | Noticed Natasha
  4597 | D:4      | Killed Natasha
  4674 | D:4      | Noticed Natasha
  4686 | D:4      | Killed Natasha
  4787 | D:4      | Found a broken altar of Ashenzari.
  4832 | D:5      | Entered Level 5 of the Dungeon
  4856 | D:5      | Reached XP level 7. HP: 8/40 MP: 15/20
  5012 | D:5      | Reached skill level 8 in Spellcasting
  5566 | D:5      | Found Buikurghe's Assorted Antiques.
  5571 | D:5      | Bought a scroll labelled VALEDIEGEH for 24 gold pieces
  5571 | D:5      | Bought a fuming green potion for 21 gold pieces
  5571 | D:5      | Bought a fizzy ruby potion for 21 gold pieces
  5571 | D:5      | Bought a fading rapier for 216 gold pieces
  5571 | D:5      | Identified the +6 rapier of Amorality {flame, +Blink Will++
                  | Int+2 Stlth-} (You bought it in a shop on level 5 of the
                  | Dungeon)
  5791 | D:5      | Reached skill level 9 in Spellcasting
  6055 | D:6      | Reached XP level 8. HP: 33/44 MP: 15/23
  6149 | D:6      | Noticed Prince Ribbit
  6152 | D:6      | Reached skill level 5 in Conjurations
  6168 | D:6      | Killed Prince Ribbit
  6169 | D:6      | Reached skill level 10 in Spellcasting
  6269 | D:6      | Found a staircase to the Ecumenical Temple.
  6284 | Temple   | Entered the Ecumenical Temple
  6821 | D:6      | Found a runed translucent gate.
  6821 | D:6      | Found a runed translucent gate.
  6822 | D:6      | Found a runed translucent gate.
  6832 | D:6      | Noticed Azoth's ghost (novice DsIE)
  6922 | D:7      | Noticed Jeremiah
  6932 | D:7      | Noticed a hornet
  6941 | D:7      | Reached skill level 11 in Spellcasting
  6941 | D:7      | Killed Jeremiah
  6942 | D:7      | Reached XP level 9. HP: 42/50 MP: 7/26
  6943 | D:7      | Noticed Duvessa
  6946 | D:7      | Noticed Dowan
  7069 | D:7      | Noticed Pikel
  7091 | D:7      | Killed Pikel
  7092 | D:7      | Reached skill level 12 in Spellcasting
  7529 | D:7      | Killed Duvessa
  7534 | D:7      | Killed Dowan
  7543 | D:7      | HP: 2/52 [centaur (1)]
  7547 | D:7      | Reached skill level 13 in Spellcasting
  8398 | D:8      | Reached XP level 10. HP: 44/56 MP: 17/29
  8864 | D:8      | Reached skill level 14 in Spellcasting
  8890 | D:8      | Found a shadowy altar of Dithmenos.
  9076 | D:8      | Learned a level 4 spell: Ignite Poison
  9346 | D:8      | Reached skill level 1 in Fire Magic
  9623 | D:8      | Found a radiant altar of Vehumet.
  9674 | D:8      | Became a worshipper of Vehumet
 10005 | D:9      | Reached skill level 1 in Earth Magic
 10289 | D:9      | Noticed an orange demon
 10290 | D:9      | Noticed Amaemon
 10296 | D:9      | Killed Amaemon
 10297 | D:9      | Reached skill level 15 in Spellcasting
 10303 | D:9      | Killed an orange demon
 10303 | D:9      | Reached * piety under Vehumet
 10303 | D:9      | Offered knowledge of Kiss of Death by Vehumet.
 10304 | D:9      | Reached skill level 5 in Armour
 10492 | D:9      | Noticed Joseph
 10590 | D:9      | Killed Joseph
 10591 | D:9      | Reached XP level 11. HP: 61/61 MP: 23/32
 10790 | D:9      | Noticed Harold
 10812 | D:9      | Killed Harold
 11269 | D:9      | Found a bloodstained altar of Trog.
 11376 | D:9      | Noticed a two-headed ogre
 11393 | D:9      | Killed a two-headed ogre
 11606 | D:10     | Entered Level 10 of the Dungeon
 11617 | D:10     | Reached ** piety under Vehumet
 11617 | D:10     | Offered knowledge of Foxfire by Vehumet.
 11631 | D:10     | Killed from afar by an electric eel

Illustrated notes

Levels and vault maps discovered:
D:1:      minmay_arrival_shattered_statue, layout_basic, serial_glass,
          glass_columns_a, glass_columns_a, minmay_strange_pillars,
          dk_noncrumbling_4
D:2:      layout_basic, shapermc_ecumenical_altar_mp_vishouse
D:3:      layout_basic, nicolae_overflow_two_pavilions, nicolae_grassy_gnolls
D:4:      layout_loops_ring, mainiacjoe_overflow_surrounded_room,
          mainiacjoe_overflow_swirl, st_stairs_4, kennysheep_potato,
          uniq_natasha
D:5:      layout_loops_ring, serial_shops, nicolae_shop_pleasant_corner_grove
D:6:      layout_rooms, minmay_temple_entry_metal_lava,
          ebering_ghost_rock_garden, serial_library_hellmonk_double_dead_end,
          uniq_prince_ribbit1
D:7:      layout_basic, st_stairs_3, uniq_pikel, uniq_jeremiah, uniq_duvessa
D:8:      layout_cave_pools, nicolae_vehumet_radiance,
          mainiacjoe_overflow_alcove_1, serial_gnoll_camp, gnoll_camp_medium_01,
          gnoll_camp_mini_sergeant, gnoll_camp_mini_loothouse,
          gnoll_camp_mini_doghouse, minmay_misc_feat_encased
D:9:      layout_basic, trog_hazing_becter, uniq_amaemon, uniq_joseph,
          uniq_harold
D:10:     layout_basic, mainiacjoe_overflow_24_doors, erik_lair_island,
          zombieorc2_lemuel
Temple:   compressed_dpeg_triangle_lava_temple

Skill      XL: |  1  2  3  4  5  6  7  8  9 10 11 |
---------------+----------------------------------+-----
Spellcasting   | 5 6 7 9 11 13 15 | 15.9
Armour         | 1 2 3 5 |  5.0
Fighting       | 1 2 3 4 |  4.5
Conjurations   | 2 3 4 6 7 9 |  9.4
Dodging        | 3 |  3.0
Stealth        | 3 |  3.0
Air Magic      | 1 |  1.1
Alchemy        | 1 |  1.1
Evocations     | 1 |  1.0
Fire Magic     | 3 4 |  4.3
Earth Magic    | 1 |  1.3
Summonings     | |  1.1
Translocations | |  1.1

Action                     |  1- 3 |  4- 6 |  7- 9 | 10-12 || total
---------------------------+-------+-------+-------+-------++-------
  Melee: Dagger            |    15 |    38 |     6 |       ||    59
         Rapier            |       |       |    78 |    59 ||   137
         Punch             |       |       |     2 |     1 ||     3
   Cast: Magic Dart        |    90 |   148 |   220 |   194 ||   652
         Mephitic Cloud    |       |    10 |    25 |    39 ||    74
         Call Imp          |       |     3 |     7 |     5 ||    15
         Blink             |       |       |     1 |       ||     1
         Ignite Poison     |       |       |       |    20 ||    20
   Stab: Confused          |       |     6 |    15 |     7 ||    28
 Armour: Robe              |    20 |    30 |    78 |       ||   128
         Leather armour    |       |       |     6 |    75 ||    81
  Dodge: Dodged            |    20 |    28 |    93 |    89 ||   230

Table legend: (Time is in decaauts)
 A = Elapsed time spent in this place.
 B = Non-inter-level travel time spent in this place.
 C = Inter-level travel time spent in this place.
 D = Time resting spent in this place.
 E = Time spent auto-exploring this place.
 F = Levels seen in this place.
 G = Mean time per level.
                   A        B        C        D        E       F      G
               +--------+--------+--------+--------+--------+-----+--------+
         Total |  11668 |  11250 |    418 |    623 |   8790 |  11 | 1060.7 |
       Dungeon |  11666 |  11248 |    418 |    623 |   8790 |  10 | 1166.6 |
        Temple |      1 |      1 |      0 |      0 |      0 |   1 |    1.0 |
               +--------+--------+--------+--------+--------+-----+--------+

Top non-repeatable levels by time:
     D:8: 1633 daAuts
     D:9: 1631 daAuts
     D:3: 1414 daAuts
     D:4: 1361 daAuts
     D:7: 1341 daAuts
     D:1: 1266 daAuts
     D:5: 1160 daAuts
     D:6: 1045 daAuts
     D:2: 785 daAuts
    D:10: 25 daAuts
  Temple: 1 daAuts
